 Dungeon Crawl Stone Soup version 0.25.1-2-g60ff931df9 (webtiles) character file.

Game seed: 987298367221135878

1293 lepoulpe303 the Changer (level 8, -3/36 HPs)
             Began as a Spriggan Venom Mage on Aug 18, 2020.
             Killed from afar by Dowan (7 damage)
             ... with a puff of flame
             ... on level 5 of the Dungeon.
             The game lasted 00:24:12 (7085 turns).

lepoulpe303 the Changer (Spriggan Venom Mage)       Turns: 7085, Time: 00:24:12

Health: -3/36      AC:  3    Str:  4    XL:     8   Next: 30%
Magic:  10/18      EV: 21    Int: 18    God:
Gold:   230        SH:  0    Dex: 17    Spells: 3/19 levels left

rFire    . . .     SeeInvis +   a - +5 dagger (venom)
rCold    . . .     Gourm    .   (shield restricted)
rNeg     . . .     Faith    .   f - +0 robe
rPois    .         Spirit   .   (helmet restricted)
rElec    .         Reflect  .   s - +0 cloak
rCorr    .         Harm     .   (gloves unavailable)
MR       +....                  (boots unavailable)
Stlth    +++.......             (no amulet)
HPRegen  0.12/turn              (no ring)
MPRegen  0.16/turn              (no ring)

@: very slightly contaminated, invisible, very quick
A: very small, unfitting armour, see invisible, herbivore, speed 3, slow
metabolism 2
a: no special abilities


You were on level 5 of the Dungeon.
You were not hungry.

You visited 1 branch of the dungeon, and saw 5 of its levels.
You also visited: Sewer.

You collected 230 gold pieces.

Inventory:

Hand Weapons
 a - a +5 dagger of venom (weapon)
 j - a +0 short sword
Armour
 f - a +0 robe (worn)
 s - a +0 cloak (worn)
Wands
 b - a wand of iceblast (5)
Scrolls
 g - a scroll of teleportation {unknown}
 h - a scroll of fear {unknown}
 i - a scroll of identify
 l - a scroll of blinking {unknown}
 p - a scroll of amnesia {unknown}
 r - a scroll of random uselessness {unknown}
 w - 5 scrolls of remove curse
Potions
 c - a potion of haste {unknown}
 d - 2 potions of might
 k - a potion of ambrosia {unknown}
 m - 2 potions of flight {unknown}
 n - 2 potions of mutation {!q}
 o - a potion of invisibility
 q - 3 potions of curing
 t - a potion of heal wounds {unknown}
 u - a potion of resistance {unknown}
 v - a potion of stabbing {unknown}
Comestibles
 e - 6 rations


   Skills:
 + Level 3.3 Short Blades
 + Level 5.4 Dodging
 + Level 6.0 Stealth
 + Level 6.0 Spellcasting
 * Level 1.3 Hexes
 * Level 6.4 Transmutations
 * Level 5.5 Poison Magic


You had 3 spell levels left.
You knew the following spells:

 Your Spells              Type           Power        Failure   Level  Hunger
a - Sting                 Tmut/Pois      ####         1%          1    None
b - Poisonous Vapours     Pois/Air       ###...       6%          2    None
c - Ignite Poison         Fire/Tmut/Pois ###.....     7%          3    ##.....
d - Olgreb's Toxic Radia  Pois           ####....     12%         4    ####...
e - Summon Guardian Gole  Hex/Summ       #.......     28%         3    ##.....
x - Mephitic Cloud        Conj/Pois/Air  ##......     17%         3    ##.....

Your spell library contained the following spells:

 Spells                   Type           Power        Failure   Level  Hunger
 Summon Small Mammal      Summ           #...         12%         1    None
 Call Imp                 Summ           #.......     19%         2    None
 Call Canine Familiar     Summ           #.......     34%         3    ##.....
 Summon Ice Beast         Ice/Summ       #.......     75%         4    ####...
 Summon Lightning Spire   Summ/Air       #.......     75%         4    ####...


Dungeon Overview and Level Annotations

Branches:
Dungeon (5/15)              Sewer (visited)
 Temple: D:4-7

Altars:
Wu Jian

Annotations:
D:1 3 exclusions
D:5 Dowan, Grinder


Innate Abilities, Weirdness & Mutations

You are very small and have problems with some larger weapons.
You are too small for most types of armour.
You have supernaturally acute eyesight. (SInv)
You are a herbivore.
You cover ground extremely quickly.
You need to consume almost no food.


Message History

The centaur wields a +0 shortbow.
The centaur shoots an arrow.
The arrow hits you!
* * * LOW HITPOINT WARNING * * *
You see here an arrow.
You take 12 damage, and have 3/36 hp.
MASSIVE DAMAGE!!
It was a potion of invisibility.
You fade into invisibility!
Dowan zaps a wand.
The puff of flame misses you.
The centaur shoots an arrow.
The arrow completely misses you.
You are very lightly contaminated with residual magic.
The centaur shoots an arrow.
The arrow hits Dowan!
The centaur shoots an arrow.
You kill the centaur!
Your Stealth skill increases to level 6!
Your Hexes skill increases to level 1!
Dowan zaps a wand.
The puff of flame hits you!
You die...

#..###.#####.##................#
#..# #.# #.....#..(.####......
#..# #.# ####..#.)(.####......
#..###.########.[#e......#......
#..........(.##..#.........#+#+#
##.####..####.##.................
..................(....##.....#..
##.......####.##..#.#.###...#.#..
#.###...# #. #@.#.#.# #...#.#..
#. .....# #. #..#...###...#.#..
#[#.##..####.##..##....#...#.#..
..$ ......................#.#..
#.# #.................#...#.#..
#. .........>................. #
#..####.#.............##...
#.#<#####.####..##... .####.#.#
#............


You could see Dowan (fast).

Levels and vault maps discovered:
D:1:      saegor_arrival_fortress, layout_basic
D:2:      layout_basic, lemuel_coloured_pillars_altar,
          chequers_ecumenical_altar_grove
D:3:      layout_loops_ring, first_ration
D:4:      layout_basic, portal_sewer_entry_a
D:5:      layout_basic, uniq_edmund, uniq_prince_ribbit1, uniq_grinder,
          uniq_duvessa

Notes
Turn   | Place    | Note
-------+----------+-------------------------------------------
     0 | D:1      | lepoulpe303 the Spriggan Venom Mage began the quest for the
                  | Orb.
     0 | D:1      | Reached XP level 1. HP: 9/9 MP: 5/5
   319 | D:1      | Identified a +0 club
   610 | D:1      | Identified a cursed -3 club
   614 | D:1      | Reached XP level 2. HP: 13/13 MP: 4/6
   618 | D:1      | Learned a level 2 spell: Poisonous Vapours
   710 | D:1      | Identified a +0 club
   877 | D:1      | Identified a +0 short sword
   885 | D:1      | Reached skill level 3 in Spellcasting
   899 | D:1      | Identified a cursed +0 club
   913 | D:1      | Reached skill level 2 in Transmutations
  1104 | D:1      | Identified a +0 club
  1106 | D:1      | Identified a +0 club
  1106 | D:1      | Identified a +0 club
  1198 | D:1      | Identified a +0 club
  1236 | D:1      | Identified a +0 club
  1362 | D:1      | Identified a +0 club
  1850 | D:2      | Identified a +0 club
  1862 | D:2      | Reached XP level 3. HP: 14/16 MP: 4/8
  1869 | D:2      | Learned a level 3 spell: Ignite Poison
  2094 | D:2      | Identified a +0 whip
  2098 | D:2      | Noticed a scorpion
  2129 | D:2      | Killed a scorpion
  2129 | D:2      | Reached skill level 1 in Short Blades
  2129 | D:2      | Reached skill level 3 in Transmutations
  2129 | D:2      | Reached XP level 4. HP: 21/21 MP: 6/10
  2134 | D:2      | Learned a level 3 spell: Mephitic Cloud
  2203 | D:2      | Identified a +0 whip
  2544 | D:2      | Identified a cursed -2 club
  2546 | D:2      | Identified a +0 club
  2904 | D:2      | Identified a +0 club
  2977 | D:2      | Found a faded altar of an unknown god.
  3153 | D:2      | Reached XP level 5. HP: 24/24 MP: 11/11
  3163 | D:2      | Identified a +0 club
  3185 | D:2      | Found an ornate altar of the Wu Jian Council.
  3255 | D:3      | Identified a +0 club
  3315 | D:3      | Identified a +0 club
  3523 | D:3      | Identified a +0 scale mail
  3527 | D:3      | Identified a +0 dagger
  3527 | D:3      | Identified a +0 robe
  3529 | D:3      | Identified a +0 short sword
  3529 | D:3      | Identified a cursed +0 scale mail
  3537 | D:3      | Reached skill level 4 in Stealth
  3543 | D:3      | Reached skill level 4 in Spellcasting
  3781 | D:3      | Identified a +0 club
  3803 | D:3      | Identified 2 scrolls of enchant weapon
  3804 | D:3      | Identified 2 scrolls of remove curse
  3805 | D:3      | Identified a +3 dagger of venom (You found it on level 3 of
                  | the Dungeon)
  4282 | D:4      | Reached skill level 4 in Poison Magic
  4381 | D:4      | Found a glowing drain.
  4412 | Sewer    | Entered a sewer
  4459 | Sewer    | Identified a +0 whip
  4549 | Sewer    | Reached skill level 4 in Transmutations
  4566 | Sewer    | Noticed Purgy
  4571 | Sewer    | Killed Purgy
  4571 | Sewer    | Reached skill level 2 in Short Blades
  4571 | Sewer    | Reached skill level 4 in Dodging
  4571 | Sewer    | Reached XP level 6. HP: 24/28 MP: 13/13
  4691 | D:4      | HP: 4/28 [bullfrog skeleton (5)]
  5462 | D:4      | Learned a level 4 spell: Olgreb's Toxic Radiance
  5636 | D:4      | Identified a +0 cloak (You found it on level 4 of the
                  | Dungeon)
  5721 | D:5      | Entered Level 5 of the Dungeon
  5724 | D:5      | Identified a +0 flail of protection
  5724 | D:5      | Identified a +0 leather armour
  5724 | D:5      | Noticed Edmund
  5763 | D:5      | Reached XP level 7. HP: 30/32 MP: 15/15
  5817 | D:5      | Identified a +0 dagger
  5817 | D:5      | Identified a +0 robe
  5817 | D:5      | Identified a +2 dagger of venom
  5817 | D:5      | Identified a +0 robe
  5817 | D:5      | Identified a +0 trident
  5818 | D:5      | Noticed Grinder
  5857 | D:5      | Reached skill level 5 in Stealth
  5877 | D:5      | Reached skill level 5 in Spellcasting
  5877 | D:5      | Reached skill level 5 in Transmutations
  6549 | D:5      | Identified a +0 shortbow
  6590 | D:5      | Noticed Prince Ribbit
  6590 | D:5      | Identified a +0 giant club
  6618 | D:5      | Killed Edmund
  6618 | D:5      | Reached skill level 5 in Poison Magic
  6631 | D:5      | HP: 7/32 [Prince Ribbit (14)]
  6638 | D:5      | Killed Prince Ribbit
  6638 | D:5      | Reached skill level 3 in Short Blades
  6638 | D:5      | Reached skill level 5 in Dodging
  6638 | D:5      | Reached skill level 6 in Transmutations
  6638 | D:5      | Reached XP level 8. HP: 9/36 MP: 3/17
  6934 | D:4      | Learned a level 3 spell: Summon Guardian Golem
  6941 | D:5      | Identified 5 scrolls of identify
  6941 | D:5      | Identified an amulet of inaccuracy (You found it on level 4
                  | of the Dungeon)
  6943 | D:5      | Identified 3 potions of curing
  6944 | D:5      | Identified 2 potions of mutation
  6945 | D:5      | Identified 2 potions of might
  7025 | D:5      | Identified a +0 short sword
  7025 | D:5      | Identified a +0 leather armour
  7025 | D:5      | Noticed Duvessa
  7026 | D:5      | Identified a +3 dagger of speed
  7026 | D:5      | Identified a +0 robe
  7026 | D:5      | Noticed Dowan
  7063 | D:5      | Killed Duvessa
  7063 | D:5      | Reached skill level 6 in Spellcasting
  7078 | D:5      | HP: 3/36 [centaur/arrow (12)]
  7079 | D:5      | Identified 2 potions of invisibility
  7085 | D:5      | Reached skill level 6 in Stealth
  7085 | D:5      | Reached skill level 1 in Hexes
  7085 | D:5      | Killed from afar by Dowan

Table legend:
 A = Turns spent in this place as a percentage of turns spent in the entire game.
 B = Non-inter-level travel turns spent in this place as a percentage of non-inter-level travel turns spent in the entire game.
 C = Inter-level travel turns spent in this place as a percentage of turns spent in this place.
 D = Turns resting spent in this place as a percentage of non-inter-level travel turns spent in this place.
 E = Turns spent auto-exploring this place as a percentage of non-inter-level travel turns spent in this place.
 F = Non-inter-level travel turns spent in this place divided by the number of levels of this place that you've seen.
                   A       B       C       D       E      F
               +-------+-------+-------+-------+-------+----------------------
         Total | 100.0 | 100.0 |   2.2 |  27.2 |  43.2 | 1154.7
       Dungeon |  97.3 |  97.2 |   2.3 |  27.3 |  43.9 | 1347.0
         Sewer |   2.7 |   2.8 |   0.0 |  21.8 |  16.6 | 193.0
               +-------+-------+-------+-------+-------+----------------------

Table legend:
 A = Kills in this place as a percentage of kills in entire the game.
 B = Kills by you in this place as a percentage of kills by you in the entire game.
 C = Kills by friends in this place as a percentage of kills by friends in the entire game.
 D = Other kills in this place as a percentage of other kills in the entire game.
 E = Experience gained in this place as a percentage of experience gained in the entire game.
 F = Experience gained in this place divided by the number of levels of this place that you have seen.
                   A       B       C       D       E      F
               +-------+-------+-------+-------+-------+----------------------
         Total | 100.0 | 100.0 |   N/A |   N/A | 100.0 | 308.0
       Dungeon |  94.2 |  94.2 |   N/A |   N/A |  92.0 | 340.2
         Sewer |   5.8 |   5.8 |   N/A |   N/A |   8.0 | 147.0
               +-------+-------+-------+-------+-------+----------------------

Skill      XL: |  1  2  3  4  5  6  7  8 |
---------------+-------------------------+-----
Spellcasting   | 3 4 5 6 |  6.0
Transmutations | 2 3 4 6 |  6.4
Short Blades   | 1 2 3 |  3.3
Stealth        | 4 5 6 |  6.0
Poison Magic   | 4 5 |  5.5
Dodging        | 4 5 |  5.4
Hexes          | 1 |  1.3

Action                   |  1- 3 |  4- 6 |  7- 9 || total
-------------------------+-------+-------+-------++-------
Melee: Unarmed           |     1 |       |       ||     1
       Short sword       |    40 |    82 |       ||   122
       Dagger            |       |    75 |    38 ||   113
 Cast: Sting             |    22 |    35 |    27 ||    84
       Poisonous Vapours |       |       |    10 ||    10
  Use: Scroll            |       |     3 |     5 ||     8
       Potion            |       |       |     1 ||     1
 Stab: Sleeping          |     3 |    21 |       ||    24
  Eat: Ration            |       |     1 |     1 ||     2
Armor: Robe              |     2 |    16 |     3 ||    21
Dodge: Dodged            |    33 |   120 |    28 ||   181

Vanquished Creatures
  Prince Ribbit (D:5)
  Edmund (D:5)
  Duvessa (D:5)
  Purgy (Sewer)
  An ogre (D:5)
  A centaur (D:5)
  3 scorpions
  2 crimson imps (D:5)
  A bullfrog skeleton (D:4)
  2 hounds
  A centaur skeleton (D:5)
  3 orc wizards
  A worker ant (D:5)
  8 adders
  A shadow imp (D:5)
  An adder skeleton (D:3)
  3 worms (D:2)
  2 dart slugs (D:2)
  A leopard gecko (D:1)
  3 orcs
  7 giant cockroaches
  10 goblins
  14 hobgoblins
  7 kobolds
  A quokka (D:2)
  6 ball pythons
  10 bats
  3 frilled lizards
  A jackal skeleton (D:3)
  2 leopard gecko skeletons (D:4)
  4 rats
103 creatures vanquished.
